 Dungeon Crawl Stone Soup version 0.20-a0-32-gb8e7c72 (webtiles) character file.

7436 Faca the Grappler (level 10, -4/94 HPs)
             Began as a Troll Berserker on Nov 9, 2016.
             Was a High Priest of Trog.
             Slain by a yak (7 damage)
             ... on level 11 of the Dungeon.
             The game lasted 01:44:44 (8228 turns).

Faca the Grappler (Troll Berserker)                 Turns: 8228, Time: 01:44:45

Health: -4/94      AC: 12    Str: 27    XL:     10   Next: 93%
Magic:  9/9        EV: 13    Int:  3    God:    Trog [*****.]
Gold:   576        SH:  0    Dex: 12    Spells: 0 memorised, 9 levels left

rFire  + . .     SeeInvis .       - Unarmed
rCold  . . .     Gourm    +     a - +2 animal skin
rNeg   . . .     Faith    .     (no shield)
rPois  .         Spirit   .     (helmet restricted)
rElec  .         Reflect  .     g - +2 cloak
rCorr  .         Harm     .     (gloves unavailable)
MR     .....                    (boots unavailable)
Stlth  +.........               c - amulet of magic regeneration
                                b - ring of protection from fire
                                d - +2 ring of protection

@: no status effects
A: unfitting armour, claws 3, fast metabolism 3, gourmand, regeneration 1,
shaggy fur 1, tough skin 2
a: Berserk, Trog's Hand, Brothers in Arms, Burn Spellbooks, Renounce Religion


You were on level 11 of the Dungeon.
You worshipped Trog.
Trog was extremely pleased with you.
You were near starving.

You visited 2 branches of the dungeon, and saw 12 of its levels.
You also visited: Sewer.

You collected 636 gold pieces.
You spent 60 gold pieces at shops.

Inventory:

Armour
 a - a +2 animal skin (worn)
 g - a +2 cloak (worn)
Jewellery
 b - a ring of protection from fire (right claw)
 c - an amulet of magic regeneration (around neck)
 d - a +2 ring of protection (left claw)
Scrolls
 f - 3 scrolls of fear
 h - 3 scrolls of enchant weapon
 i - a scroll of recharging
 j - 5 scrolls of teleportation
 m - a scroll of noise
 n - 4 scrolls of remove curse
 s - a scroll of identify
 t - a scroll of magic mapping
 w - a scroll of blinking {unknown}
 y - 2 scrolls of torment {unknown}
Potions
 e - 2 potions of cure mutation
 k - 2 potions of agility
 l - 2 potions of brilliance
 o - a potion of flight {unknown}
 p - 3 potions of mutation
 q - 2 potions of magic
 r - 2 potions of heal wounds {unknown}
 u - 3 potions of curing
 v - 2 potions of lignification
Books
 x - a book of Maledictions

   Spells                             Type                      Level
   a - Corona                         Hexes                        1
   b - Ensorcelled Hibernation        Hexes/Ice                    2
   c - Confuse                        Hexes                        3
   d - Tukima's Dance                 Hexes                        3
   e - Dazzling Spray                 Conjuration/Hexes            3
   Trog disapproves of the use of such an item.


   Skills:
 + Level 4.6 Fighting
 * Level 6.8 Throwing
 + Level 7.2 Dodging
 + Level 12.0 Unarmed Combat


You had 9 spell levels left.
You didn't know any spells.

Dungeon Overview and Level Annotations

Branches:
Dungeon (11/15)            Temple (1/1) D:4
   Lair: D:8-11         Orc: D:9-12

Altars:
Ashenzari
Cheibriados
Dithmenos
Elyvilon
Fedhas
Gozag
Hepliaklqana
Kikubaaqudgha
Makhleb
Nemelex Xobeh
Okawaru
Qazlal
Ru
Sif Muna
Trog
Uskayaw
Vehumet
Yredelemnul
Zin
The Shining One

Shops:
D:6 !   D:10 (


Innate Abilities, Weirdness & Mutations

You are too large for most types of armour.
You have claws for hands.
Your metabolism is lightning-fast.
You like to eat raw meat.
Your natural rate of healing is unusually fast.
You are covered in fur. (AC +1)
You have very tough skin. (AC +2)


Message History

You kill the yak!
Trog accepts your kill. The yak barely misses you.
You mangle the yak!!
The yak is heavily wounded.
You claw the yak!
The yak is almost dead.
The yak gores you!
* * * LOW HITPOINT WARNING * * *
You claw the yak!
You kill the yak!
Trog accepts your kill.
Your Unarmed Combat skill increases to level 12!
You mangle the yak!!
The yak is heavily wounded.
You closely miss the yak.
The yak is heavily wounded.
You are near starving!
The yak gores you!
You die...

#.# ###.# ##### ...#
.#..
######.#########...
.................#.#
..................
#######..........#
.......<.......@Y#
##############.#Y#
...#........
#####.####### ###


You could see 2 yaks.

Vanquished Creatures
  A hill giant (D:10)
  Pikel (D:9)
  A manticore (D:10)
  The ghost of Gorggeron the Chopper, a novice HOFi (D:4)
  2 kobold demonologists (D:9)
  A two-headed ogre (D:10)
  A troll (D:11)
  Grinder (D:5)
  A hippogriff (D:10)
  Sigmund (D:2)
  2 yaks (D:11)
  A vampire (D:10)
  A spriggan (D:10)
  2 wyverns
  2 hungry ghosts
  A water moccasin (D:9)
  2 orc warriors (D:7)
  2 ice beasts
  A slave (D:9)
  The ghost of DeathGuardSTER the Skirmisher, an amateur HOMo (D:3)
  3 ogres
  A centaur (D:10)
  2 necrophages
  2 bullfrogs
  2 big kobolds
  3 scorpions
  6 killer bees (D:10)
  5 howler monkeys
  2 crimson imps (D:5)
  2 quasits (D:10)
  4 hounds
  A bullfrog zombie (D:10)
  A centaur skeleton (D:11)
  3 orc priests
  3 bullfrog skeletons
  2 gnoll shamans
  A jelly (D:7)
  3 iron imps (D:3)
  Jessica (D:2)
  2 iguanas
  Terence (D:2)
  6 orc wizards
  5 worker ants
  2 hound skeletons
  9 adders
  7 gnolls
  2 shadow imps (D:5)
  An adder skeleton (D:7)
  3 worms
  4 dart slugs
  5 leopard geckos
  18 orcs
  4 ball pythons
  9 bats
  10 giant cockroaches
  7 goblins
  6 hobgoblins
  9 jackals
  23 kobolds
  6 frilled lizards
  A jackal skeleton (D:5)
  A leopard gecko skeleton (D:5)
  A quokka skeleton (D:7)
  14 rats
  A spectral orc (D:5)
230 creatures vanquished.

Vanquished Creatures (others)
  A slave (D:9)
  A big kobold (D:9)
  A leopard gecko (D:9)
  An orc (D:9)
  A kobold (D:9)
5 creatures vanquished.

Grand Total: 235 creatures vanquished

Notes
Turn   | Place    | Note
-------+----------+-------------------------------------------
     0 | D:1      | Faca the Troll Berserker began the quest for the Orb.
     0 | D:1      | Reached XP level 1. HP: 22/22 MP: 0/0
   132 | D:1      | Reached XP level 2. HP: 24/29 MP: 1/1
   380 | D:1      | Reached XP level 3. HP: 36/36 MP: 2/2
   620 | D:2      | Noticed Sigmund
   624 | D:2      | Reached ** piety under Trog
   637 | D:2      | Killed Sigmund
   637 | D:2      | Reached skill level 1 in Throwing
   637 | D:2      | Reached skill level 4 in Unarmed Combat
   637 | D:2      | Reached XP level 4. HP: 22/45 MP: 3/3
   637 | D:2      | Reached XP level 5. HP: 26/53 MP: 4/4
   908 | D:2      | Noticed Terence
   917 | D:2      | Killed Terence
  1242 | D:2      | Noticed Jessica
  1244 | D:2      | Killed Jessica
  1244 | D:2      | Reached XP level 6. HP: 61/61 MP: 5/5
  1623 | D:3      | Noticed DeathGuardSTER's ghost (amateur HOMo)
  1649 | D:3      | Killed DeathGuardSTER's ghost
  1649 | D:3      | Reached skill level 5 in Unarmed Combat
  1690 | D:3      | Found a burning altar of Makhleb.
  1968 | D:3      | Reached *** piety under Trog
  2313 | D:4      | Reached XP level 7. HP: 67/67 MP: 6/6
  2332 | D:4      | Noticed Gorggeron's ghost (novice HOFi)
  2397 | D:4      | HP: 3/67 [ogre/giant club (15)]
  2399 | D:4      | Reached skill level 6 in Unarmed Combat
  2805 | D:4      | Found a staircase to the Ecumenical Temple.
  2841 | D:4      | Killed Gorggeron's ghost
  2956 | D:4      | Reached skill level 7 in Unarmed Combat
  2956 | D:4      | Reached XP level 8. HP: 75/75 MP: 7/7
  3026 | Temple   | Entered the Ecumenical Temple
  3338 | D:5      | Entered Level 5 of the Dungeon
  3373 | D:5      | Noticed Grinder
  3375 | D:5      | Paralysed by Grinder for 7 turns
  3396 | D:5      | Paralysed by Grinder for 6 turns
  3403 | D:5      | Killed Grinder
  3556 | D:5      | Found a basalt altar of Yredelemnul.
  3582 | D:5      | Reached skill level 8 in Unarmed Combat
  3773 | D:5      | Reached skill level 5 in Dodging
  4093 | D:6      | Found a stormy altar of Qazlal.
  4178 | D:6      | Found a glowing drain.
  4183 | Sewer    | Entered a sewer
  4866 | D:6      | Found a deep blue altar of Sif Muna.
  4918 | D:6      | Reached **** piety under Trog
  4918 | D:6      | Reached XP level 9. HP: 81/84 MP: 8/8
  4946 | D:6      | Found Nettor's Distillery.
  4959 | D:6      | Bought 2 potions of curing for 60 gold pieces
  5288 | D:7      | Reached skill level 9 in Unarmed Combat
  5673 | D:7      | Reached skill level 5 in Throwing
  5836 | D:7      | You fall through a shaft for 3 floors!
  5836 | D:10     | Entered Level 10 of the Dungeon
  5871 | D:10     | Noticed a hill giant
  5874 | D:10     | Killed a hill giant
  5874 | D:10     | Reached skill level 10 in Unarmed Combat
  5881 | D:10     | Lost intelligence.
  5949 | D:10     | Found Vuemedeh's Weapon Shop.
  6129 | D:10     | Reached XP level 10. HP: 68/94 MP: 9/9
  6871 | D:10     | Reached skill level 11 in Unarmed Combat
  6917 | D:10     | Noticed a manticore
  6931 | D:10     | Killed a manticore
  7058 | D:9      | Noticed Pikel
  7072 | D:9      | Killed Pikel
  7258 | D:9      | Reached ***** piety under Trog
  7476 | D:9      | Found a shadowy altar of Dithmenos.
  7476 | D:9      | Found a radiant altar of Vehumet.
  7476 | D:9      | Found a snail-covered altar of Cheibriados.
  7849 | D:8      | Found a sacrificial altar of Ru.
  7937 | D:8      | Found a hazy altar of Hepliaklqana.
  8225 | D:11     | HP: 1/94 [yak (7)]
  8226 | D:11     | Reached skill level 12 in Unarmed Combat
  8228 | D:11     | Slain by a yak

Vault maps used:
D:1:      shiori_shiawase
D:2:      minmay_door_path, first_bread, uniq_sigmund, uniq_terence,
          uniq_jessica
D:3:      kennysheep_six_static_rooms, demons_altar
D:5:      yredelemnul_forgotten_temple_becter, kennysheep_pointless_box,
          uniq_grinder
D:6:      led_sif_pool, lemuel_doored_altar, lightli_sewer_entry_pipes,
          serial_shops, shop
D:8:      lemuel_round_altar, nicolae_ru_awakened_eye
D:9:      gammafunk_temple_overflow_forgotten, uniq_pikel
D:10:     serial_co_window_serial, co_window_paths_b, co_window_corner_a,
          co_window_corner_a, co_window_paths_b, co_window_paths_a,
          co_window_paths_c, co_window_cross_4, co_window_broadway_b,
          co_window_corner_b, glass_columns_b, glass_columns_c, serial_shops,
          shop, the_bakery
D:11:     minmay_lair_entry_lava, orc_0_dummy
Temple:   oiseaux_autumnal_temple
Sewer:    sewer_fruit_machine

Skill      XL: |  1  2  3  4  5  6  7  8  9 10 |
---------------+-------------------------------+-----
Fighting       | 3 4 |  4.6
Throwing       | 1 2 3 4 5 6 |  6.8
Dodging        | 3 4 5 6 7 |  7.2
Unarmed Combat | 4 5 7 8 10 12 | 12.0

Action                   |  1- 3 |  4- 6 |  7- 9 | 10-12 || total
-------------------------+-------+-------+-------+-------++-------
Melee: Unarmed           |    88 |   128 |   344 |   199 ||   759
       Punch             |     1 |     1 |    14 |     7 ||    23
  Use: Scroll            |     4 |     8 |     7 |     4 ||    23
       Potion            |       |     3 |     5 |       ||     8
 Stab: Sleeping          |       |     3 |       |     1 ||     4
       Distracted        |       |       |     1 |       ||     1
  Eat: Bread ration      |     1 |     2 |     2 |     2 ||     7
       Meat ration       |       |     1 |     2 |       ||     3
       Beef jerky        |       |       |     1 |       ||     1
       Chunk             |       |       |    24 |     5 ||    29
       Royal jelly       |       |       |     1 |       ||     1
       Pizza             |       |       |     1 |     1 ||     2
Armor: Animal skin       |    46 |       |   131 |    88 ||   265
       Robe              |       |    48 |    41 |       ||    89
Dodge: Dodged            |    56 |    72 |   225 |   148 ||   501
